 Dungeon Crawl Stone Soup version 0.29.1 (webtiles) character file.

Game seed: 12892739643084959785

9333 themarg the Devastator (level 11, -13/67 HPs)
             Began as a Tengu Conjurer on Sept 14, 2022.
             Was a Believer of Vehumet.
             Mangled by an orc knight
             ... wielding a +3 war axe
              (17 damage)
             ... in a bailey.
             The game lasted 00:58:29 (14725 turns).

themarg the Devastator (Tengu Conjurer)            Turns: 14725, Time: 00:58:29

Health: -13/67     AC:  9    Str: 11    XL:     11   Next: 44%
Magic:  3/25       EV: 16    Int: 23    God:    Vehumet [**....]
Gold:   415        SH:  5    Dex: 12    Spells: 12/28 levels left

rFire   . . .      SeeInvis .   g - staff of conjuration
rCold   . . .      Faith    .   (no shield)
rNeg    . . .      Spirit   .   a - +0 robe
rPois   +          Reflect  +   (helmet restricted)
rElec   .          Harm     .   J - +2 cloak
rCorr   +          Rampage  .   (no gloves)
Will    .....                   (boots unavailable)
Stlth   ++........              w - amulet of reflection
HPRegen 0.21/turn               y - +4 ring of protection
MPRegen 0.19/turn               q - ring "Kudwuk" {rPois rCorr Str+3}

@: flying quickly and evasively, very slightly contaminated, hasted, very quick
A: beak, talons 3, nimble flight
a: Renounce Religion


You were in a bailey.
You worshipped Vehumet.
Vehumet was pleased with you.
You visited 2 branches of the dungeon, and saw 11 of its levels.
You also visited: Bailey.

You collected 415 gold pieces.

Inventory:

Hand Weapons
 K - a +4 dagger of chaos
Missiles
 h - 15 poisoned darts
 C - 3 throwing nets
Armour
 a - a +0 robe (worn)
 J - a +2 cloak (worn)
 O - a +0 kite shield
Magical Staves
 g - a staff of conjuration (weapon)
 L - a staff of air
Jewellery
 c - a ring of ice
 q - the ring "Kudwuk" (right hand) {rPois rCorr Str+3}
   (You acquired it on level 8 of the Dungeon)

   [ring of poison resistance]

   Str:       It affects your strength (+3).
   rPois:     It protects you from poison.
   rCorr:     It protects you from acid and corrosion.
 w - an amulet of reflection (around neck)
 y - a +4 ring of protection (left hand)
Wands
 x - a wand of roots (25)
 B - a wand of charming (29)
 G - a wand of flame (28)
 M - a wand of acid (2)
Scrolls
 k - a scroll of summoning
 l - 3 scrolls of poison
 m - 7 scrolls of teleportation
 r - a scroll of blinking
 u - a scroll of immolation {unknown}
 v - 2 scrolls of butterflies {unknown}
 z - 2 scrolls of noise
 A - 4 scrolls of fear
 E - a scroll of brand weapon
 F - a scroll of amnesia {unknown}
 N - 3 scrolls of silence {unknown}
 Q - a scroll of vulnerability {unknown}
Potions
 b - a potion of magic
 d - 3 potions of mutation
 e - 3 potions of flight {unknown}
 f - 5 potions of attraction {unknown}
 i - a potion of invisibility
 j - 2 potions of resistance {unknown}
 n - a potion of brilliance {unknown}
 o - a potion of haste
 p - 3 potions of berserk rage
 s - 3 potions of degeneration {unknown}
 t - 3 potions of curing
 D - 2 potions of cancellation {unknown}
 H - a potion of lignification {unknown}
 I - a potion of might {unknown}
 P - a potion of heal wounds {unknown}


   Skills:
 + Level 7.1 Fighting
 - Level 5.0 Dodging
 + Level 2.8 Stealth
 + Level 9.4 Spellcasting
 - Level 15.0 Conjurations
 + Level 2.2 Hexes
 - Level 2.0 Translocations


You had 12 spell levels left.
You knew the following spells:

 Your Spells              Type           Power      Damage    Failure   Level
a - Magic Dart            Conj           100%       1d8       0%          1
b - Searing Ray           Conj           100%       2d8       1%          2
c - Fulminant Prism       Conj/Hex       33%        3d16      1%          4
d - Iskenderun's Mystic   Conj/Tloc      66%        2d14      1%          4
e - Irradiate             Conj/Tmut      30%        3d21      8%          5

Your spell library contained the following spells:

 Spells                   Type           Power      Damage    Failure   Level
 Scorch                   Fire           20%        2d6       9%          2
 Dazzling Flash           Conj/Hex       100%       N/A       1%          3
 Confusing Touch          Hex            21%        N/A       7%          3
 Sublimation of Blood     Necr           10%        N/A       9%          2
 Petrify                  Tmut/Erth      10%        N/A       52%         4
 Yara's Violent Unravell  Hex/Tmut       8%         3d5       71%         5
 Enfeeble                 Hex            10%        N/A       100%        7


Dungeon Overview and Level Annotations

Branches:
Dungeon (10/15)            Temple (1/1) D:6          Bailey (1/1)
   Lair: D:8-11         Orc: D:9-12

Altars:
Ashenzari
Cheibriados
Dithmenos
Elyvilon
Fedhas
Gozag
Hepliaklqana
Kikubaaqudgha
Makhleb
Nemelex Xobeh
Okawaru
Qazlal
Ru
Trog
Uskayaw
Vehumet
Wu Jian
Xom
Yredelemnul
Zin
The Shining One

Shops:
D:5 (

Annotations:
D:10 3 exclusions


Innate Abilities, Weirdness & Mutations

You have a beak for a mouth.
You have claws for feet.
Your magical nature lets you fly swiftly and evasively.


Message History

Things that are here:
a +0 hand axe; a +0 leather armour; an orc skeleton
Things that are here:
a +0 war axe; a +0 leather armour; a goblin skeleton The orc knight roars a battlecry!
Casting: Fulminant Prism (dangerous; 1% risk of failure)
Confirm with . or Enter, or press ? or * to list all spells.
You feel a surge of power!
You erupt in a blast of force!
The mystic blast hits the orc warrior!
The orc warrior is moderately wounded.
The orc warrior is knocked back by the mystic blast.
You hear a shout!
An orc knight comes into view. It is wielding a +0 broad axe.
Casting: Iskenderun's Mystic Blast (dangerous; 1% risk of failure)
Confirm with . or Enter, or press ? or * to list all spells.
You feel a surge of power!
You erupt in a blast of force!
The mystic blast hits the orc knight!
The orc knight is almost dead.
The orc knight is knocked back by the mystic blast.
The orc knight roars a battlecry!
The orc knight goes into a battle-frenzy!
Casting: Iskenderun's Mystic Blast (dangerous; 1% risk of failure)
Confirm with . or Enter, or press ? or * to list all spells.
You can't see any susceptible monsters within range! (Use Z to cast anyway.)
Casting: Iskenderun's Mystic Blast (dangerous; 1% risk of failure)
Confirm with . or Enter, or press ? or * to list all spells.
You feel a surge of power!
You erupt in a fountain of uncontrolled magic!
You are very lightly contaminated with residual magic.
The orc warrior no longer looks unusually strong.
The orc warrior misses you.
The orc knight hits you with a +3 war axe!
The orc knight hits you with a +0 broad axe!!!
Ouch! That really hurt!
* * * LOW HITPOINT WARNING * * *
The orc warrior hits you with a +0 hand axe!
* * * LOW HITPOINT WARNING * * *
You feel yourself speed up.
The orc knight hits you with a +3 war axe!
You die...

♣♣♣♣♣♣♣
♣♣...♣.♣♣
♣♣.......♣♣
♣♣.........♣
♣.....oo...♣
♣♣)....@o..♣♣
♣..).)∩.....♣
♣♣.).......♣♣
♣.....[...♣
♣♣##'''##♣♣
##†[)).##
#..)....#
##.).....##
#...).....#


You could see 2 orc knights and an orc warrior.

Vanquished Creatures
  2 two-headed ogres (D:9)
  Amaemon (D:9)
  An orc knight (Bailey)
  Maurice (D:9)
  An orange demon (D:9)
  A troll (D:8)
  2 hornets
  Sigmund (D:5)
  9 yaks
  A wyvern (D:9)
  A vampire (D:9)
  2 steam dragons
  Duvessa (D:5)
  3 orc warriors
  A sky beast (D:8)
  2 black bears
  3 ogres
  A phantom (D:4)
  2 bullfrogs
  A kobold brigand (D:9)
  2 gnoll sergeants
  6 necrophages
  A wyvern zombie (D:5)
  2 water moccasin zombies (D:5)
  Dowan (D:5)
  12 wights
  9 killer bees
  2 bullfrog zombies (D:5)
  3 hounds
  A human zombie (D:5)
  2 jellies
  3 orc priests (D:4)
  2 gnoll boudas
  Ijyb (D:5)
  6 iguanas
  2 orc wizards (D:8)
  A hound zombie (D:5)
  A hound skeleton (D:6)
  Robin (D:4)
  26 gnolls
  4 adders
  2 white imps (D:6)
  An ufetubus (D:5)
  2 worms
  3 dart slugs
  32 orcs
  8 ball pythons
  10 endoplasms
  5 giant cockroaches
  25 goblins
  10 hobgoblins
  6 jackals (D:2)
  8 kobolds
  4 quokkas
  6 bats
  3 frilled lizards
  6 rats
  A fulminant prism (D:9)
257 creatures vanquished.

Vanquished Creatures (others)
  30 fulminant prisms
  22 plants
52 creatures vanquished.

Grand Total: 309 creatures vanquished

Notes
Turn   | Place    | Note
-------+----------+-------------------------------------------
     0 | D:1      | themarg the Tengu Conjurer began the quest for the Orb.
     0 | D:1      | Reached XP level 1. HP: 10/10 MP: 4/4
   236 | D:1      | Reached XP level 2. HP: 15/15 MP: 4/6
   927 | D:1      | Reached XP level 3. HP: 19/19 MP: 4/7
  1083 | D:2      | Learned a level 2 spell: Searing Ray
  1551 | D:2      | Reached skill level 6 in Conjurations
  1940 | D:2      | Reached XP level 4. HP: 24/24 MP: 0/9
  3060 | D:3      | Gained mutation: Your magical nature lets you fly swiftly
                  | and evasively. [Tengu growth]
  3060 | D:3      | Reached XP level 5. HP: 28/28 MP: 7/11
  3372 | D:3      | Found a faded altar of an unknown god.
  3376 | D:3      | Found a basalt altar of Yredelemnul.
  3831 | D:4      | Found a stormy altar of Qazlal.
  3942 | D:4      | Reached skill level 7 in Conjurations
  4090 | D:4      | Noticed a phantom
  4104 | D:4      | Killed a phantom
  4105 | D:4      | Reached XP level 6. HP: 12/32 MP: 3/13
  4563 | D:4      | Noticed Robin
  4568 | D:4      | Killed Robin
  4614 | D:4      | Found a shadowy altar of Dithmenos.
  4654 | D:4      | You are sucked into a shaft and drop 2 floors!
  4690 | D:5      | Entered Level 5 of the Dungeon
  4774 | D:5      | Found a white marble altar of Elyvilon.
  4823 | D:5      | Reached skill level 8 in Conjurations
  4826 | D:5      | Noticed Sigmund
  5061 | D:4      | Reached XP level 7. HP: 27/36 MP: 10/15
  5271 | D:5      | Noticed Ijyb
  5271 | D:5      | Noticed Duvessa
  5271 | D:5      | Noticed Dowan
  5271 | D:5      | Found a hide-covered altar of Uskayaw.
  5356 | D:5      | Killed Sigmund
  5357 | D:5      | Reached skill level 5 in Spellcasting
  5357 | D:5      | Reached skill level 9 in Conjurations
  5731 | D:5      | Killed Duvessa
  5732 | D:5      | Reached skill level 10 in Conjurations
  5732 | D:5      | Reached skill level 1 in Hexes
  5732 | D:5      | Reached XP level 8. HP: 33/41 MP: 7/16
  5940 | D:5      | Reached skill level 1 in Translocations
  6075 | D:5      | Found an ancient bone altar of Kikubaaqudgha.
  6150 | D:5      | Reached skill level 1 in Fighting
  6795 | D:5      | Reached skill level 5 in Dodging
  6874 | D:5      | Found Sekue's Hydra Hut.
  6875 | D:5      | Noticed an eight-headed hydra
  7036 | D:5      | Killed Ijyb
  7265 | D:5      | Killed Dowan
  7266 | D:5      | Reached XP level 9. HP: 40/52 MP: 12/17
  7604 | D:6      | Found a burning altar of Makhleb.
  7740 | D:6      | Reached skill level 5 in Fighting
  7913 | D:6      | Found a staircase to the Ecumenical Temple.
  7932 | Temple   | Entered the Ecumenical Temple
  7941 | Temple   | Became a worshipper of Vehumet
  8084 | D:6      | Reached skill level 11 in Conjurations
  8260 | D:6      | Found an ornate altar of the Wu Jian Council.
  8739 | D:7      | Reached skill level 12 in Conjurations
  9630 | D:7      | Found a hazy altar of Hepliaklqana.
  9661 | D:6      | Learned a level 4 spell: Fulminant Prism
  9666 | D:6      | Learned a level 4 spell: Iskenderun's Mystic Blast
  9802 | D:7      | Reached skill level 13 in Conjurations
  9992 | D:7      | Reached skill level 14 in Conjurations
  9992 | D:7      | Reached XP level 10. HP: 54/59 MP: 1/18
 10361 | D:7      | Identified the -2 pair of boots "Ywnatody" {Regen+}
 10599 | D:8      | Reached * piety under Vehumet
 10599 | D:8      | Offered knowledge of Foxfire by Vehumet.
 10621 | D:8      | Reached skill level 15 in Conjurations
 10798 | D:8      | Found a broken altar of Ashenzari.
 11845 | D:8      | Found a snail-covered altar of Cheibriados.
 11981 | D:8      | Identified 2 scrolls of acquirement
 11983 | D:8      | Acquired the ring "Kudwuk" {rPois rCorr Str+3}
 11985 | D:8      | Acquired a staff of conjuration
 12048 | D:9      | Noticed a two-headed ogre
 12184 | D:9      | Noticed Maurice
 12186 | D:9      | Killed a two-headed ogre
 12233 | D:9      | Noticed a two-headed ogre
 12440 | D:9      | Killed Maurice
 12818 | D:9      | Killed a two-headed ogre
 12819 | D:9      | Reached XP level 11. HP: 67/67 MP: 10/23
 13032 | D:9      | Noticed Amaemon
 13441 | D:9      | Killed Amaemon
 13575 | D:9      | Found a bloodstained altar of Trog.
 13941 | D:10     | Entered Level 10 of the Dungeon
 14020 | D:10     | Found a sparkling altar of Nemelex Xobeh.
 14177 | D:10     | Found a blossoming altar of Fedhas.
 14183 | D:10     | Found a flagged portal.
 14200 | Bailey   | Entered a bailey
 14259 | Bailey   | Learned a level 5 spell: Irradiate
 14291 | Bailey   | Reached ** piety under Vehumet
 14318 | Bailey   | Noticed an orc knight
 14326 | Bailey   | Offered knowledge of Scorch by Vehumet.
 14335 | Bailey   | Killed an orc knight
 14691 | Bailey   | Noticed an orc knight
 14717 | Bailey   | Noticed an orc knight
 14725 | Bailey   | Mangled by an orc knight

Illustrated notes

Levels and vault maps discovered:
D:1:      dpeg_arrival_arbitrary_b, layout_basic
D:2:      layout_loops_corners
D:3:      layout_rooms, nicolae_overflow_ecumenical_swirl
D:4:      layout_basic, kennysheep_mini, lemuel_coloured_pillars_altar,
          uniq_robin
D:5:      layout_basic, mainiacjoe_overflow_paths,
          eat_drink_and_be_merry_uskayaw, lemuel_mausoleum_altar_kikubaaqudgha,
          doesnt_shop_hydraphobe, uniq_sigmund, uniq_ijyb, uniq_duvessa
D:6:      layout_basic, makhleb_blood_cavern_becter, nzn_wu_jian_contemplation,
          minmay_temple_entry_butterflies
D:7:      layout_loops_corners, nicolae_hepliaklqana_hazy_memory,
          serial_aquarium, aquarium_bridge_straight [aquarium_subvault_bridge,
          aquarium_subvault_balcony, aquarium_subvault_bridge,
          aquarium_subvault_window], aquarium_bridge_straight
          [aquarium_subvault_bridge, aquarium_subvault_wall,
          aquarium_subvault_bridge, aquarium_subvault_wall],
          aquarium_window_fake, aquarium_window_corner, aquarium_view_2d,
          aquarium_balcony_3a, chequers_avenue
D:8:      layout_rooms, old_standard_altar, evilmike_ruin_ashenzari,
          serial_park_tiny_2
D:9:      layout_loops_cross, marbit_many_paths, uniq_amaemon, uniq_maurice
D:10:     layout_basic, mainiacjoe_overflow_small_starburst,
          mainiacjoe_overflow_alcove_1, mainiacjoe_overflow_chevrons,
          enter_bailey_2
Temple:   hellmonk_temple_two_chambers
Bailey:   bailey_axe_minmay_hex_keep, bailey

Skill      XL: |  1  2  3  4  5  6  7  8  9 10 11 |
---------------+----------------------------------+-----
Conjurations   | 6 7 8 10 14 15 | 15.0
Spellcasting   | 3 4 5 7 9 |  9.4
Hexes          | 1 2 |  2.2
Translocations | 2 |  2.0
Fighting       | 4 5 7 |  7.1
Dodging        | 5 |  5.0
Stealth        | |  2.8

Action                   |  1- 3 |  4- 6 |  7- 9 | 10-12 || total
-------------------------+-------+-------+-------+-------++-------
Melee: Dagger            |       |     8 |       |       ||     8
       Kick              |       |     2 |       |       ||     2
       Peck              |       |     1 |       |       ||     1
 Cast: Magic Dart        |    69 |   100 |    31 |    47 ||   247
       Searing Ray       |     3 |    19 |    67 |    26 ||   115
       Iskenderun's Myst |       |       |     4 |    45 ||    49
       Fulminant Prism   |       |       |     1 |    30 ||    31
       Irradiate         |       |       |       |     1 ||     1
  Use: Scroll            |       |       |     4 |    10 ||    14
       Potion            |       |       |     1 |     2 ||     3
Armor: Robe              |     1 |     3 |    16 |     8 ||    28
Dodge: Dodged            |     4 |    11 |    53 |    19 ||    87
Block: Other             |       |     3 |    15 |     8 ||    26
       Reflection        |       |       |       |     1 ||     1
